 Dungeon Crawl Stone Soup version 0.27.0-1-g7a089689b8 (webtiles) character file.

Game seed: 168808664798796783

9034 robertstho the Thaumaturge (level 11, -14/70 HPs)
             Began as a Djinni Fire Elementalist on Aug 4, 2021.
             Was an Initiate of Gozag.
             Killed by refrigeration
             ... invoked by Fannar
              (42 damage)
             ... on level 10 of the Dungeon.
             The game lasted 00:16:30 (12108 turns).

robertstho the Thaumaturge (DjFE)                  Turns: 12108, Time: 00:16:30

Health: -14/70     AC:  8    Str:  7    XL:     11   Next: 66%
Gold:   1099       EV: 21    Int: 27    God:    Gozag SH:  0 Dex: 13

rFire    + + .     SeeInvis .   I - +0 broad axe (freeze)
rCold    x . .     Faith    .   (no shield)
rNeg     . . .     Spirit   .   y - +0 steam dragon scales
rPois    ∞         Reflect  .   K - +2 hat
rElec    .         Harm     .   d - +0 cloak of Teosoam {Regen+}
rCorr    .         Rampage  .   (no gloves)
Will     +....                  (boots unavailable)
Stlth    +++.......             (no amulet)
HPRegen  1.21/turn              f - +6 ring of intelligence
MPRegen  0.00/turn              t - ring of the Hare {EV+8}

@: flying
A: sickness immunity, fire resistance 2, cold vulnerability 1, float, innate
caster, hp casting, extra vitality 1
a: Renounce Religion, Potion Petition, Call Merchant, Bribe Branch


You were on level 10 of the Dungeon.
You worshipped Gozag.
Gozag was most pleased with you.
You visited 2 branches of the dungeon, and saw 11 of its levels.
You also visited: Ossuary.

You collected 1263 gold pieces.
You spent 52 gold pieces at shops.
You paid 112 gold pieces to Gozag.

Inventory:

Hand Weapons
 I - a +0 broad axe of freezing (weapon)
Missiles
 p - 3 throwing nets
Armour
 d - the +0 cloak of Teosoam (worn) {Regen+}
   (You acquired it on level 7 of the Dungeon)

   Regen:     It increases your rate of health regeneration.
 y - +0 steam dragon scales (worn)
 K - a +2 hat (worn)
Jewellery
 c - a ring of see invisible
 f - a +6 ring of intelligence (left hand)
 t - the ring of the Hare (right hand) {EV+8}
   (You acquired it on level 7 of the Dungeon)

   [ring of evasion]

   EV:        It affects your evasion (+8).
 D - a +6 ring of intelligence
 H - a ring of protection from fire
Wands
 i - a wand of flame (22)
 A - a wand of charming (3)
 J - a wand of polymorph (17)
 M - a wand of digging (6)
Scrolls
 b - a scroll of identify
 e - 2 scrolls of enchant armour {unknown}
 g - a scroll of torment {unknown}
 h - 3 scrolls of fog
 l - a scroll of fear
 m - 6 scrolls of teleportation
 o - 2 scrolls of magic mapping {unknown}
 q - 2 scrolls of immolation {unknown}
 v - a scroll of brand weapon
 w - a scroll of blinking
 z - 3 scrolls of enchant weapon
 G - a scroll of silence {unknown}
Potions
 a - a potion of ambrosia {unknown}
 j - 2 potions of degeneration {unknown}
 k - 4 potions of brilliance {unknown}
 n - a potion of attraction {unknown}
 r - 2 potions of haste {unknown}
 s - 9 potions of mutation {unknown}
 u - 3 potions of heal wounds {unknown}
 x - 4 potions of berserk rage {unknown}
 B - 2 potions of might {unknown}
 C - a potion of curing
 E - a potion of lignification {unknown}
 F - a potion of flight {unknown}
 L - a potion of resistance {unknown}


   Skills:
 + Level 2.8 Fighting
 + Level 2.5 Short Blades
 + Level 1.2 Axes
 + Level 4.8 Dodging
 + Level 5.5 Stealth
 + Level 11.8 Spellcasting


You had 3 spell levels left.
You knew the following spells:

 Your Spells              Type           Power      Damage    Failure   Level
a - Foxfire               Conj/Fire      100%       2x1d9     1%          1
b - Conjure Flame         Conj/Fire      69%        6-21      1%          3
c - Inner Flame           Hex/Fire       69%        N/A       1%          3
d - Sticky Flame          Conj/Fire      69%        2d8       1%          4
e - Fireball              Conj/Fire      34%        3d14      1%          5
f - Sting                 Tmut/Pois      100%       1d8       1%          1
g - Static Discharge      Conj/Air       69%        N/A       1%          2
h - Poisonous Vapours     Pois/Air       100%       N/A       1%          2
i - Iskenderun's Mystic   Conj/Tloc      69%        2d14      1%          4
j - Manifold Assault      Tloc           69%        N/A       1%          5
Your spell library was empty.

Dungeon Overview and Level Annotations

Branches:
Dungeon (10/15)            Temple (1/1) D:4             Orc (0/2) D:9
Ossuary (visited)
   Lair: D:8-11

Altars:
Ashenzari
Cheibriados
Dithmenos
Elyvilon
Fedhas
Gozag
Hepliaklqana
Kikubaaqudgha
Makhleb
Nemelex Xobeh
Okawaru
Ru
Sif Muna
Trog
Uskayaw
Vehumet
Wu Jian
Xom
Yredelemnul
Zin
The Shining One
Lugonu

Shops:
D:2 *

Annotations:
D:5 3 runed translucent doors, RascalDebosk's ghost, amateur TrBe
D:10 Fannar


Innate Abilities, Weirdness & Mutations

You are immune to sickness and miasma.
You are immune to poison.
Your flesh is very heat resistant. (rF++)
You are vulnerable to cold. (rC-)
You float through the air rather than walking.
You learn spells naturally, not from books.
Your magical power is your life essence.
You have superior vitality. (+4 HP)


Message History

Confirm with . or Enter, or press ? or * to list all spells.
Aiming: Fireball (dangerous; 1% risk of failure)
Press: ? - help, Shift-Dir - straight line, f - Fannar
Aim: Fannar, wielding a staff of cold and wearing a +1 robe of cold resistance (asleep)
The fireball explodes!
The fireball engulfs Fannar!
Fannar is lightly wounded.
Fannar says, "An icy embrace awaits you..."
Fannar casts a spell.
Fannar drains the heat from the surrounding environment!
You feel a terrible chill!
Casting: Fireball (dangerous; 1% risk of failure)
Confirm with . or Enter, or press ? or * to list all spells.
Aiming: Fireball (dangerous; 1% risk of failure)
Press: ? - help, Shift-Dir - straight line, f/p - Fannar
Aim: Fannar, wielding a staff of cold and wearing a +1 robe of cold resistance (lightly wounded)
The fireball explodes!
The fireball engulfs Fannar!
Fannar is moderately wounded.
Unknown command.
Casting: Fireball (dangerous; 1% risk of failure)
Confirm with . or Enter, or press ? or * to list all spells.
Aiming: Fireball (dangerous; 1% risk of failure)
Press: ? - help, Shift-Dir - straight line, f/p - Fannar
Aim: Fannar, wielding a staff of cold and wearing a +1 robe of cold resistance (moderately wounded)
The fireball explodes!
The fireball engulfs Fannar!!
Fannar is severely wounded.
Unknown command.
Unknown command.
Casting: Fireball (dangerous; 1% risk of failure)
Confirm with . or Enter, or press ? or * to list all spells.
Aiming: Fireball (dangerous; 1% risk of failure)
Press: ? - help, Shift-Dir - straight line, f/p - Fannar
Aim: Fannar, wielding a staff of cold and wearing a +1 robe of cold resistance (heavily wounded)
The fireball explodes!
The fireball engulfs Fannar!!
Fannar is almost dead.
Fannar mumbles some strange words.
Fannar drains the heat from the surrounding environment!
You feel a terrible chill!
Ouch! That really hurt!
You die...
Your body crumbles into a pile of gold.

#########
...$....#
.......@#
..........e....
........####.##
........#
.......#.
....##. . ....
.. $ ... .. (.


You could see Fannar.

Vanquished Creatures
  Erolcha (D:10)
  2 two-headed ogres
  Nergalle (D:10)
  Maurice (D:8)
  Joseph (D:9)
  A troll (D:7)
  Prince Ribbit (D:9)
  6 yaks (D:9)
  3 wyverns
  2 steam dragons
  3 water moccasins
  2 orc warriors (D:9)
  A sky beast (D:5)
  An ice beast (D:8)
  2 necrophages
  A black bear (D:4)
  2 ogres
  A centaur (D:5)
  A bullfrog (D:3)
  A kobold brigand (D:8)
  2 gnoll sergeants
  3 water moccasin zombies (Ossuary)
  5 killer bees (D:9)
  5 wights (D:7)
  5 howler monkeys
  2 hounds
  3 bullfrog skeletons
  A bullfrog zombie (D:5)
  7 orc priests
  6 centaur zombies
  2 jellies
  A gnoll shaman (D:5)
  7 orc wizards
  A killer bee zombie (D:6)
  A hound zombie (D:5)
  2 mummies (Ossuary)
  Robin (D:2)
  13 gnolls
  4 howler monkey zombies
  6 adders
  A white imp (D:7)
  2 ufetubi (D:5)
  8 adder zombies (Ossuary)
  2 adder skeletons (D:4)
  A worm (D:2)
  2 dart slugs
  31 orcs
  5 endoplasms
  A giant cockroach (D:3)
  A gnoll zombie (Ossuary)
  17 goblins
  9 hobgoblins
  13 jackals
  13 kobolds
  A quokka (D:1)
  8 ball pythons
  4 bats (D:1)
  2 frilled lizards
  3 hobgoblin zombies (Ossuary)
  6 kobold zombies (Ossuary)
  3 orc zombies (Ossuary)
  A rat (D:2)
245 creatures vanquished.

Vanquished Creatures (collateral kills)
  A foxfire (D:4)
1 creature vanquished.

Vanquished Creatures (others)
  A human (D:5)
  638 foxfires
  4 plants
  5 toadstools (D:1)
648 creatures vanquished.

Grand Total: 894 creatures vanquished

Notes
Turn   | Place    | Note
-------+----------+-------------------------------------------
     0 | D:1      | robertstho the Djinni Fire Elementalist began the quest for
                  | the Orb.
     0 | D:1      | Reached XP level 1. HP: 15/15 MP: 0/0
   391 | D:1      | Reached XP level 2. HP: 13/21 MP: 0/0
  1107 | D:1      | Reached skill level 3 in Spellcasting
  1107 | D:1      | Reached XP level 3. HP: 13/25 MP: 0/0
  1107 | D:1      | Learned a level 1 spell: Sting
  2108 | D:2      | Reached XP level 4. HP: 14/31 MP: 0/0
  2731 | D:2      | Noticed Robin
  2741 | D:2      | Killed Robin
  3134 | D:2      | Found Taareb's General Store.
  3141 | D:2      | Bought a scroll of identify for 26 gold pieces
  3141 | D:2      | Bought a scroll of fog for 26 gold pieces
  3367 | D:3      | Reached XP level 5. HP: 32/36 MP: 0/0
  3367 | D:3      | Learned a level 2 spell: Static Discharge
  3750 | D:3      | Found a blossoming altar of Fedhas.
  4014 | D:3      | Noticed a bullfrog
  4021 | D:3      | Killed a bullfrog
  4022 | D:3      | Reached skill level 1 in Fighting
  4022 | D:3      | Reached skill level 1 in Short Blades
  4022 | D:3      | Reached skill level 4 in Spellcasting
  4022 | D:3      | Reached XP level 6. HP: 33/42 MP: 0/0
  4539 | D:4      | You are sucked into a shaft and drop 1 floor!
  4539 | D:5      | Entered Level 5 of the Dungeon
  4744 | D:4      | Noticed a black bear
  4864 | D:5      | Found a white marble altar of Elyvilon.
  4876 | D:5      | Found a runed translucent gate.
  4876 | D:5      | Found a runed translucent gate.
  4876 | D:5      | Noticed RascalDebosk's ghost (amateur TrBe)
  4877 | D:5      | Found a runed translucent gate.
  4981 | D:5      | Reached XP level 7. HP: 34/47 MP: 0/0
  4981 | D:5      | Learned a level 2 spell: Poisonous Vapours
  5107 | D:5      | Reached skill level 5 in Spellcasting
  5310 | D:4      | Found a hide-covered altar of Uskayaw.
  5712 | D:4      | Found a staircase to the Ecumenical Temple.
  5743 | Temple   | Entered the Ecumenical Temple
  5865 | D:4      | Found a glowing silver altar of Zin.
  6005 | D:4      | Found a glowing golden altar of the Shining One.
  6215 | D:4      | Reached XP level 8. HP: 47/54 MP: 0/0
  7129 | D:5      | Found a shadowy altar of Dithmenos.
  7304 | D:5      | Reached skill level 6 in Spellcasting
  7349 | D:5      | Found an iron altar of Okawaru.
  7350 | D:5      | Found a bloodstained altar of Trog.
  7619 | D:5      | Noticed a human
  7622 | D:5      | Killed a human
  7946 | D:6      | Reached XP level 9. HP: 54/58 MP: 0/0
  7946 | D:6      | Learned a level 4 spell: Iskenderun's Mystic Blast
  7951 | D:6      | Reached skill level 7 in Spellcasting
  7968 | D:6      | Noticed a two-headed ogre
  7977 | D:6      | Killed a two-headed ogre
  7978 | D:6      | Reached skill level 8 in Spellcasting
  8268 | D:6      | Found an opulent altar of Gozag.
  8397 | D:6      | Became a worshipper of Gozag Ym Sagoz the Greedy
  8426 | D:7      | Noticed a troll
  8669 | D:7      | Found a sand-covered staircase.
  8674 | Ossuary  | Entered an ossuary
  9227 | Ossuary  | Reached XP level 10. HP: 60/64 MP: 0/0
  9373 | Ossuary  | Reached skill level 9 in Spellcasting
 10475 | D:7      | Identified 2 scrolls of acquirement
 10479 | D:7      | Acquired the ring of the Hare {EV+8}
 10480 | D:7      | Found the ring of the Hare {EV+8}
 10483 | D:7      | Acquired the +0 cloak of Teosoam {Regen+}
 10675 | D:8      | Found a basalt altar of Yredelemnul.
 10692 | D:8      | Reached skill level 10 in Spellcasting
 10789 | D:8      | Found an ornate altar of the Wu Jian Council.
 10942 | D:8      | Found a broken altar of Ashenzari.
 11038 | D:8      | Noticed Maurice
 11046 | D:8      | Killed Maurice
 11064 | D:8      | Found a hazy altar of Hepliaklqana.
 11337 | D:9      | Reached skill level 5 in Stealth
 11340 | D:9      | Noticed Joseph
 11348 | D:9      | Killed Joseph
 11490 | D:9      | Noticed Prince Ribbit
 11493 | D:9      | Killed Prince Ribbit
 11575 | D:9      | Reached XP level 11. HP: 55/70 MP: 0/0
 11575 | D:9      | Learned a level 5 spell: Manifold Assault
 11590 | D:9      | Reached skill level 11 in Spellcasting
 11672 | D:9      | Found a staircase to the Orcish Mines.
 12046 | D:10     | Entered Level 10 of the Dungeon
 12046 | D:10     | Noticed Erolcha
 12046 | D:10     | Noticed Nergalle
 12049 | D:10     | Killed Erolcha
 12051 | D:10     | Noticed a two-headed ogre
 12052 | D:10     | Killed Nergalle
 12053 | D:10     | Reached skill level 1 in Axes
 12056 | D:10     | Killed a two-headed ogre
 12104 | D:10     | Noticed Fannar
 12108 | D:10     | Killed from afar by Fannar

Illustrated notes

Levels and vault maps discovered:
D:1:      ldierk_walled_garden, layout_basic, serial_park_tiny_pond,
          minmay_heptomino_d4
D:2:      layout_loops_ring, serial_shops, nicolae_square_shop,
          minmay_shallow_snake_nest, uniq_robin
D:3:      layout_basic, mainiacjoe_overflow_alcove_1, grunt_decor_resistance,
          due_unseen_surprise
D:4:      layout_basic, mainiacjoe_overflow_surrounded_room,
          mainiacjoe_overflow_24_doors, eat_drink_and_be_merry_uskayaw,
          temple_pool_b, interstate_on_off, lightli_minifort
D:5:      layout_basic, grunt_temple_overflow_bloody_war,
          mainiacjoe_overflow_catch_the_wave, tgw_kikubaaqudgha,
          mainiacjoe_overflow_paths, gammafunk_ghost_split
D:6:      layout_rooms, grunt_gozag_breadcrumbs
D:7:      layout_rooms, enter_ossuary_2
D:8:      layout_basic, ashenzari_altar_1, mainiacjoe_overflow_boulevard,
          lemuel_coloured_pillars_altar, mainiacjoe_overflow_cross_hatched,
          uniq_maurice
D:9:      layout_basic, orc_0_dummy, uniq_prince_ribbit1, uniq_joseph
D:10:     layout_rooms, mainiacjoe_overflow_small_starburst, david_lair_generic,
          item_on_display_a, uniq_fannar, uniq_erolcha, uniq_nergalle
Temple:   corrupted_temple

Skill      XL: |  1  2  3  4  5  6  7  8  9 10 11 |
---------------+----------------------------------+-----
Spellcasting   | 3 4 5 6 8 10 11 | 11.8
Stealth        | 2 3 4 5 |  5.5
Fighting       | 1 2 |  2.8
Short Blades   | 1 2 |  2.5
Dodging        | 3 4 |  4.8
Axes           | 1 |  1.2

Action                   |  1- 3 |  4- 6 |  7- 9 | 10-12 || total
-------------------------+-------+-------+-------+-------++-------
Melee: Dagger            |     2 |    12 |     7 |    11 ||    32
       Broad axe         |       |       |       |    11 ||    11
 Cast: Foxfire           |    88 |   106 |   191 |       ||   385
       Sting             |     1 |    10 |       |       ||    11
       Sticky Flame      |       |       |     9 |    17 ||    26
       Fireball          |       |       |    19 |   101 ||   120
       Iskenderun's Myst |       |       |       |     7 ||     7
  Use: Potion            |     2 |       |     1 |       ||     3
       Scroll            |     1 |     3 |     2 |     4 ||    10
Armor: Robe              |     5 |     6 |     4 |       ||    15
       Steam dragon scal |       |       |     3 |    10 ||    13
Dodge: Dodged            |    12 |    41 |    27 |    27 ||   107
